 Dungeon Crawl Stone Soup version 0.28.0-1-gb440e238dd (webtiles) character file.

Game seed: 16652797349678011091

192 Zeld the Magician (level 5, 0/28 HPs)
             Began as a Deep Elf Fire Elementalist on Feb 21, 2022.
             Succumbed to Eustachio's poison
             ... on level 4 of the Dungeon.
             The game lasted 00:01:45 (2342 turns).

Zeld the Magician (Deep Elf Fire Elementalist)      Turns: 2342, Time: 00:01:46

Health: 0/28       AC:  2    Str:  5    XL:     5   Next: 42%
Magic:  4/14       EV: 13    Int: 22    God:
Gold:   26         SH:  0    Dex: 15    Spells: 6/13 levels left

rFire   . . .      SeeInvis .   (no weapon)
rCold   . . .      Faith    .   (no shield)
rNeg    . . .      Spirit   .   a - +0 robe
rPois   .          Reflect  .   (no helmet)
rElec   .          Harm     .   (no cloak)
rCorr   .          Rampage  .   (no gloves)
Will    .....                   (no boots)
Stlth   ++........              (no amulet)
HPRegen 0.09/turn               (no ring)
MPRegen 0.14/turn               (no ring)

@: lethally poisoned (0 -> -21)
A: no striking features
a: no special abilities


You were on level 4 of the Dungeon.
You visited 1 branch of the dungeon, and saw 4 of its levels.

You collected 26 gold pieces.

Inventory:

Armour
 a - a +0 robe (worn)
Scrolls
 c - a scroll of noise {unknown}
 g - a scroll of magic mapping {unknown}
Potions
 b - 2 potions of attraction {unknown}
 d - a potion of brilliance {unknown}
 e - a potion of lignification {unknown}
 f - 2 potions of curing {unknown}


   Skills:
 + Level 3.4 Dodging
 + Level 3.6 Stealth
 * Level 4.7 Spellcasting
 + Level 2.2 Conjurations
 * Level 4.6 Fire Magic


You had 6 spell levels left.
You knew the following spells:

 Your Spells              Type           Power      Damage    Failure   Level
a - Foxfire               Conj/Fire      80%        2x1d8     2%          1
b - Scorch                Fire           50%        2d7       2%          2
c - Flame Wave            Conj/Fire      20%        2d7       26%         4

Your spell library contained the following spells:

 Spells                   Type           Power      Damage    Failure   Level
 Conjure Flame            Conj/Fire      20%        6-21      8%          3
 Inner Flame              Hex/Fire       15%        N/A       12%         3
 Animate Dead             Necr           2%         N/A       71%         4
 Borgnjor's Vile Clutch   Necr/Erth      2%         N/A       96%         5
 Death Channel            Necr           2%         N/A       100%        6


Dungeon Overview and Level Annotations

Branches:
Dungeon (4/15)
 Temple: D:4-7

Altars:


Message History

Eustachio shouts!
Eustachio mumbles some strange words.
Eustachio blinks!
Eustachio moves out of view.
Eustachio hits you with a +4 rapier of venom.
Eustachio misses you.
Casting: Foxfire (safe; 2% risk of failure)
Confirm with . or Enter, or press ? or * to list all spells.
Flames lash Eustachio.
Eustachio is moderately wounded.
Eustachio's fire resistance burns away.
You hear a shout!
Eustachio closely misses you.
Casting: Scorch (safe; 2% risk of failure)
Confirm with . or Enter, or press ? or * to list all spells.
Flames lash Eustachio.
Eustachio is burned terribly!
Eustachio is heavily wounded.
A goblin comes into view. It is wielding a +0 club.
Eustachio hits you with a +4 rapier of venom!
You are lethally poisoned!
Casting: Scorch (safe; 2% risk of failure)
Confirm with . or Enter, or press ? or * to list all spells.
Flames lash Eustachio.
Eustachio is heavily wounded.
You feel very sick. Eustachio closely misses you.
Unknown command.
Casting: Scorch (safe; 2% risk of failure)
Confirm with . or Enter, or press ? or * to list all spells.
Flames lash Eustachio.
Eustachio is burned terribly!
Eustachio is severely wounded.
* * * LOW HITPOINT WARNING * * *
You feel very sick.
Eustachio hits you with a +4 rapier of venom.
* * * LOW HITPOINT WARNING * * *
You are more poisoned.
Casting: Scorch (safe; 2% risk of failure)
Confirm with . or Enter, or press ? or * to list all spells.
Flames lash Eustachio.
Eustachio is burned terribly!
You kill Eustachio!
You die...

#.# #.###
....## #....###
#...... #
#....# #.
##.#.#####
#.###
#.@)...g.. ...#
#..#.####.
#.###.###..# ..
#..........# ##
#####.###.....#
#.# #.###.# #.#
#.# # #.# #.#
#.# #..


You could see a goblin.

Vanquished Creatures
  Eustachio (D:4)
  A scorpion (D:4)
  A hound (D:4)
  An orc priest (D:4)
  A gnoll (D:1)
  An adder (D:2)
  2 worms (D:2)
  A dart slug (D:1)
  5 orcs (D:4)
  5 ball pythons
  3 bats
  7 endoplasms
  4 hobgoblins
  A quokka (D:2)
  2 frilled lizards
  2 goblins (D:1)
  4 kobolds
  3 rats (D:2)
45 creatures vanquished.

Vanquished Creatures (others)
  172 foxfires
172 creatures vanquished.

Grand Total: 217 creatures vanquished

Notes
Turn   | Place    | Note
-------+----------+-------------------------------------------
     0 | D:1      | Zeld the Deep Elf Fire Elementalist began the quest for the
                  | Orb.
     0 | D:1      | Reached XP level 1. HP: 10/10 MP: 6/6
   101 | D:1      | Reached XP level 2. HP: 15/15 MP: 2/8
   129 | D:1      | Learned a level 2 spell: Scorch
   842 | D:1      | Reached XP level 3. HP: 19/19 MP: 7/10
  1769 | D:2      | You fall into a shaft and drop 2 floors!
  1820 | D:4      | Noticed a scorpion
  1828 | D:4      | Killed a scorpion
  1829 | D:4      | Reached XP level 4. HP: 24/24 MP: 4/12
  1834 | D:4      | Learned a level 4 spell: Flame Wave
  2013 | D:4      | Reached XP level 5. HP: 28/28 MP: 8/13
  2334 | D:4      | Noticed Eustachio
  2342 | D:4      | Killed Eustachio
  2342 | D:4      | Succumbed to Eustachio's poison

Illustrated notes

Levels and vault maps discovered:
D:1:      nzn_arrival_crosshair, layout_basic, serial_glass, glass_columns_c,
          glass_columns_b, glass_columns_b, glass_columns_a, glass_columns_c,
          glass_columns_a, glass_columns_c, glass_columns_c, glass_columns_c,
          glass_columns_a, glass_columns_b, glass_columns_b, glass_columns_a,
          glass_columns_a, st_stairs_1
D:2:      layout_basic, kennysheep_generic_room_13
D:3:      layout_rooms, nicolae_overflow_hidden_temple,
          nicolae_ecumenical_pavilion, uniq_robin
D:4:      minmay_wonky_spiral, layout_loops_ring, uniq_eustachio

Skill      XL: |  1  2  3 |
---------------+----------+-----
Fire Magic     | 4 |  4.6
Stealth        | 3 |  3.6
Dodging        | 3 |  3.4
Spellcasting   | 4 |  4.7
Conjurations   | 2 |  2.2

Action                   |  1- 3 |  4- 6 || total
-------------------------+-------+-------++-------
Melee: Unarmed           |     1 |       ||     1
 Cast: Foxfire           |    82 |    24 ||   106
       Scorch            |    10 |     9 ||    19
Armor: Robe              |     1 |       ||     1
Dodge: Dodged            |     3 |    12 ||    15
